 Dungeon Crawl Stone Soup version 0.27.1-34-g3ba077fa99 (webtiles) character file.

Game seed: 18351425146161424688

1101 Delamore the Covert (level 8, 0/50 HPs)
             Began as an Octopode Brigand on Feb 11, 2022.
             Was an Initiate of Gozag.
             Slain by a yak (18 damage)
             ... on level 4 of the Dungeon.
             The game lasted 00:03:59 (4991 turns).

Delamore the Covert (Octopode Brigand)              Turns: 4991, Time: 00:04:00

Health: 0/50       AC:  1    Str: 10    XL:     8   Next: 32%
Magic:  8/8        EV: 17    Int: 13    God:    Gozag
Gold:   202        SH:  0    Dex: 16    Spells: 7/7 levels left

rFire    . . .     SeeInvis .   p - +2 short sword (venom)
rCold    . . .     Faith    .   (no shield)
rNeg     . . .     Spirit   .   (helmet restricted)
rPois    .         Reflect  .   (no amulet)
rElec    .         Harm     .   e - +4 ring of evasion
rCorr    +         Rampage  .   l - ring of resist corrosion
Will     .....                  (no ring)
Stlth    +++++.....             (no ring)
HPRegen  0.16/turn              (no ring)
MPRegen  0.11/turn              (no ring)
                                (no ring)
                                (no ring)

@: no status effects
A: almost no armour, amphibious, 8 rings, camouflage 1, gelatinous body 1,
(nimble swimmer 1), tentacles
a: Renounce Religion, Potion Petition, Call Merchant, Bribe Branch


You were on level 4 of the Dungeon.
You worshipped Gozag.
Gozag was aware of your devotion.
You visited 2 branches of the dungeon, and saw 6 of its levels.

You collected 287 gold pieces.
You paid 85 gold pieces to Gozag.

Inventory:

Hand Weapons
 p - a +2 short sword of venom (weapon)
 t - a +2 dagger of venom
 v - a +1 short sword of flaming
Missiles
 b - 8 poisoned darts (quivered)
 c - 2 curare-tipped darts
 s - 4 atropa-tipped darts
Jewellery
 e - a +4 ring of evasion (left tentacle)
 l - a ring of resist corrosion (right tentacle)
Wands
 m - a wand of acid (10)
 o - a wand of flame (24)
Scrolls
 h - a scroll of vulnerability
 k - a scroll of blinking
 q - a scroll of brand weapon {unknown}
 r - a scroll of teleportation {unknown}
 u - a scroll of immolation {unknown}
Potions
 a - a potion of brilliance {unknown}
 g - 2 potions of degeneration {unknown}
 i - 2 potions of attraction {unknown}
 j - 2 potions of curing {unknown}


   Skills:
 - Level 2.0 Fighting
 + Level 7.7 Short Blades
 - Level 2.0 Throwing
 - Level 1.0 Dodging
 - Level 10.0 Stealth


You had 7 spell levels left.
You didn't know any spells.
Your spell library contained the following spells:

 Spells                   Type           Power      Damage    Failure   Level
 Foxfire                  Conj/Fire      0%         2x1d4     30%         1
 Static Discharge         Conj/Air       0%         N/A       43%         2
 Conjure Flame            Conj/Fire      0%         6-21      67%         3
 Inner Flame              Hex/Fire       0%         N/A       67%         3
 Lightning Bolt           Conj/Air       0%         1d11      100%        5
 Maxwell's Capacitive Co  Air            0%         ∞         100%        8


Dungeon Overview and Level Annotations

Branches:
Dungeon (5/15)             Temple (1/1) D:4

Altars:
Ashenzari
Dithmenos
Elyvilon
Fedhas
Gozag
Hepliaklqana
Kikubaaqudgha
Makhleb
Nemelex Xobeh
Okawaru
Qazlal
Ru
Sif Muna
Trog
Uskayaw
Vehumet
Wu Jian
Xom
Yredelemnul
Zin
The Shining One


Innate Abilities, Weirdness & Mutations

You cannot wear most types of armour.
You are amphibious.
You can wear up to eight rings at the same time.
Your skin changes colour to match your surroundings (Stealth+).
Your rubbery body absorbs attacks. (AC +1, EV +1)
((You are camouflaged near water. (Stealth+)))
You have tentacles for arms and can constrict up to eight enemies at once.


Message History

The yak completely misses you. A mysterious force pulls you upwards.
The hatch slams shut behind you.
You closely miss the yak. You squeeze the yak.
The yak is lightly wounded.
The yak gores you!
You closely miss the yak. Your squeeze misses the yak.
The yak is lightly wounded.
You hit the yak.
The yak is poisoned.
Your squeeze misses the yak.
The yak is lightly wounded.
The yak closely misses you.
The yak is distracted by your dazzling golden aura.
The yak is no longer distracted by gold.
There is a stone staircase leading up, spattered with blood here.
You climb upwards.
There is a stone staircase leading down here.
You start resting.
HP restored.
You climb downwards.
The yak gores you!
There is a stone staircase leading up, spattered with blood here.
You hit the yak.
The yak is poisoned.
The yak is lightly wounded.
The yak gores you!
You are too injured to fight recklessly!
You are too injured to fight recklessly!
You are too injured to fight recklessly!
You are too injured to fight recklessly!
You are too injured to fight recklessly!
You are too injured to fight recklessly!
You are too injured to fight recklessly!
You are too injured to fight recklessly!
You are too injured to fight recklessly!
You are too injured to fight recklessly!
You hit the yak.
The yak looks as sick as possible!
The yak is moderately wounded.
The yak gores you!
You hit the yak.
The yak is moderately wounded.
The yak gores you!!
You die...
Your body crumbles into a pile of gold.

#..................# #.#..#.
##.................####.#..#.
##...##...........#.........
###.####...........###.>...
#.# #.<.......####..##..
#.####.....)...# #..##.(
#....#.....)...####...###
####...))Y.......#......#
##...@......#........#
##.........#.#......#
##..)......#.#......#
####.........##.#......#
#....##......##.#......#
#.##########.##.#......#
####.### #.##.########
#[.....# #.##.# # #......####
#.##.# #


You could see a yak (extremely poisoned).

Vanquished Creatures
  Grinder (D:3)
  2 yaks (D:5)
  A water moccasin (D:5)
  A centaur (D:5)
  A howler monkey (D:5)
  A gnoll shaman (D:4)
  An orc priest (D:3)
  2 jellies
  2 orc wizards
  5 gnolls
  7 adders
  A white imp (D:5)
  A worm (D:2)
  A dart slug (D:2)
  16 orcs
  4 ball pythons
  7 endoplasms
  4 giant cockroaches
  10 goblins
  10 hobgoblins
  A kobold (D:1)
  6 quokkas
  4 bats (D:1)
  3 frilled lizards
  3 rats
95 creatures vanquished.

Notes
Turn   | Place    | Note
-------+----------+-------------------------------------------
     0 | D:1      | Delamore the Octopode Brigand began the quest for the Orb.
     0 | D:1      | Reached XP level 1. HP: 14/14 MP: 1/1
   121 | D:1      | Reached XP level 2. HP: 15/19 MP: 2/2
   334 | D:1      | Reached skill level 6 in Stealth
   472 | D:1      | Reached XP level 3. HP: 24/24 MP: 3/3
  1324 | D:2      | Reached skill level 7 in Stealth
  1324 | D:2      | Reached XP level 4. HP: 21/29 MP: 4/4
  1873 | D:3      | Noticed Grinder
  1879 | D:3      | Killed Grinder
  1880 | D:3      | Reached skill level 9 in Stealth
  1880 | D:3      | Reached XP level 5. HP: 16/34 MP: 5/5
  1880 | D:3      | Reached XP level 6. HP: 19/39 MP: 6/6
  2502 | D:3      | Found a radiant altar of Vehumet.
  3326 | D:4      | Reached XP level 7. HP: 43/45 MP: 7/7
  3425 | D:4      | Reached skill level 10 in Stealth
  3834 | D:4      | Found a staircase to the Ecumenical Temple.
  3846 | Temple   | Entered the Ecumenical Temple
  4062 | Temple   | Became a worshipper of Gozag Ym Sagoz the Greedy
  4078 | D:4      | Reached skill level 5 in Short Blades
  4384 | D:5      | Entered Level 5 of the Dungeon
  4438 | D:5      | Noticed a yak
  4439 | D:5      | Noticed a yak
  4441 | D:5      | Noticed a yak
  4441 | D:5      | Noticed a yak
  4441 | D:5      | Noticed a yak
  4449 | D:5      | Killed a yak
  4669 | D:5      | Reached XP level 8. HP: 50/50 MP: 8/8
  4770 | D:5      | Killed a yak
  4991 | D:4      | Slain by a yak

Illustrated notes

Levels and vault maps discovered:
D:1:      psy_arrival_conway, layout_basic, moated_statue, serial_park_tiny_1,
          supply_closet_lemuel, minmay_unequal
D:2:      layout_basic
D:3:      layout_basic, old_standard_altar, uniq_grinder
D:4:      layout_rooms, minmay_temple_entry_wispy
D:5:      layout_basic
Temple:   grunt_wide_crystal_templ

Skill      XL: |  1  2  3  4  5  6  7  8 |
---------------+-------------------------+-----
Stealth        | 6 7 9 10 | 10.0
Short Blades   | 3 4 6 7 |  7.7
Fighting       | |  2.0
Throwing       | |  2.0
Dodging        | |  1.0

Action                   |  1- 3 |  4- 6 |  7- 9 || total
-------------------------+-------+-------+-------++-------
Melee: Dagger            |    57 |    78 |    54 ||   189
       Constrict         |    14 |    20 |    13 ||    47
       Tentacles         |    10 |    22 |    15 ||    47
       Short sword       |       |       |    36 ||    36
  Use: Scroll            |       |     2 |     1 ||     3
 Stab: Sleeping          |     9 |    13 |     3 ||    25
       Distracted        |       |       |     2 ||     2
Armor: Skin              |     5 |     2 |       ||     7
Dodge: Dodged            |    30 |    39 |    78 ||   147
